 Dungeon Crawl Stone Soup version 0.16-a0-4099-g0be755f (webtiles) character file.

42 toofou the Firebug (level 3, -9/21 HPs)
             Began as a High Elf Fire Elementalist on Feb 25, 2015.
             Mangled by a worm (11 damage)
             ... on level 2 of the Dungeon.
             The game lasted 00:10:12 (1561 turns).

toofou the Firebug (High Elf Fire Elementalist)     Turns: 1561, Time: 00:10:12

Health: -9/21      AC:  2    Str: 10    XL:     3   Next: 35%
Magic:  1/9        EV: 13    Int: 20    God:
Gold:   83         SH:  0    Dex: 15    Spells: 2 memorised, 5 levels left

rFire  . . .     SeeInvis .     j - +0 club
rCold  . . .     Clarity  .     a - +0 robe
rNeg   . . .     SustAb   .     (no shield)
rPois  .         Gourm    .     (no helmet)
rElec  .         Spirit   .     (no cloak)
rCorr  .         Warding  .     (no gloves)
rMut   .         Stasis   .     (no boots)
MR     +....                    (no amulet)
Stlth  ++........               s - +3 ring of strength
                                k - ring of protection from magic

@: somewhat resistant to hostile enchantments, unstealthy
A: no striking features
a: no special abilities


You were on level 2 of the Dungeon.
You were not hungry.

You visited 1 branch of the dungeon, and saw 2 of its levels.

You collected 83 gold pieces.

Inventory:

Hand weapons
 j - a +0 club (weapon)
Armour
 a - a +0 robe (worn)
Jewellery
 k - a ring of protection from magic (left hand)
 s - a +3 ring of strength (right hand)
Scrolls
 e - a scroll of enchant armour {unknown}
 i - a scroll of remove curse {unknown}
 m - 2 scrolls of amnesia {unknown}
 o - a scroll of random uselessness {unknown}
 q - a scroll of immolation {unknown}
 t - a scroll of blinking {unknown}
Potions
 f - 3 potions of curing {unknown}
 g - a potion of heal wounds {unknown}
 l - a potion of ambrosia {unknown}
 n - a potion of cancellation {unknown}
 p - a potion of might {unknown}
 r - a potion of magic {unknown}
Books
 b - a book of Flames

   Spells                             Type                      Level
   a - Flame Tongue                   Conjuration/Fire             1
   b - Throw Flame                    Conjuration/Fire             2
   c - Conjure Flame                  Conjuration/Fire             3
   d - Inner Flame                    Hexes/Fire                   3
   e - Sticky Flame                   Conjuration/Fire             4
   f - Fireball                       Conjuration/Fire             5
Comestibles
 c - a bread ration
 d - 2 slices of pizza
 h - 2 meat rations


   Skills:
 + Level 0.2 Fighting
 + Level 2.6 Dodging
 + Level 2.7 Stealth
 + Level 3.0 Spellcasting
 + Level 1.3 Conjurations
 + Level 3.4 Fire Magic


You had 5 spell levels left.
You knew the following spells:

 Your Spells              Type           Power        Failure   Level  Hunger
a - Flame Tongue          Conj/Fire      ##...        6%          1    None
b - Throw Flame           Conj/Fire      ##....       10%         2    ##.....


Dungeon Overview and Level Annotations

Branches:
Dungeon (2/15)

Altars:
Fedhas


Message History

The flame tongue hits the worm.
The worm appears unharmed.
The worm is severely wounded.
You hit the worm but do no damage.
The worm is heavily wounded.
The worm bites you!
You hit the worm.
The worm is severely wounded.
You hit the worm.
The worm is almost dead.
The worm barely misses you.
Your magical contamination has completely faded away.
You barely miss the worm.
The worm is almost dead.
The worm bites you!
* * * LOW HITPOINT WARNING * * *
You hit the worm but do no damage.
The worm is almost dead.
The worm bites you!
Ouch! That really hurt!
You die...

###.###
##..####........##
#.....#
#........#......#
#.#.#.#
#.######.##.##..#
#.#.#.# ##+##
#........#
#.#.#.###...##
####.###.#
##...#.##.....##
#... .
##...##.#.......##
#.###
###....##..........#
...
...............w@..+
...
...................#
...#
.......####.......##
##... .......#
##.....## ...
.......# ##...##
.......# ##+##
.......# ###.####
###


You could see a worm.

Vanquished Creatures
  An adder (D:2)
  A giant mite (D:2)
  A giant gecko (D:1)
  An ooze (D:2)
  4 hobgoblins
  A jackal (D:2)
  2 bats
  3 giant cockroaches (D:2)
  3 giant newts
  2 kobolds
  4 rats
23 creatures vanquished.

Notes
Turn   | Place    | Note
--------------------------------------------------------------
     0 | D:1      | toofou, the High Elf Fire Elementalist, began the quest for the Orb.
     0 | D:1      | Reached XP level 1. HP: 11/11 MP: 4/4
   429 | D:1      | Reached XP level 2. HP: 17/17 MP: 4/6
   433 | D:1      | Learned a level 2 spell: Throw Flame
   940 | D:2      | Found a blossoming altar of Fedhas.
  1334 | D:2      | Reached XP level 3. HP: 21/21 MP: 2/8
  1561 | D:2      | Mangled by a worm

Action                   || total
-------------------------++-------
Melee: Unarmed           ||     2
       Club              ||    27
 Cast: Flame Tongue      ||    36
       Throw Flame       ||    12
  Eat: Bread ration      ||     1
